 Dungeon Crawl Stone Soup version 0.29.1-15-g9cfb28693d (webtiles) character file.

Game seed: 2747392687535709058

654 jtron the Spear-Bearer (level 7, -5/53 HPs)
             Began as a Gnoll Wanderer on Mar 20, 2023.
             Was a Follower of Okawaru.
             Slain by a yak (11 damage)
             ... on level 5 of the Dungeon.
             The game lasted 00:07:34 (4010 turns).

jtron the Spear-Bearer (Gnoll Wanderer)             Turns: 4010, Time: 00:07:35

Health: -5/53      AC: 13    Str: 10    XL:     7   Next: 54%
Magic:  9/11       EV: 15    Int: 15    God:    Okawaru [*.....]
Gold:   172        SH:  0    Dex: 17    Spells: 11/11 levels left

rFire   + . .      SeeInvis .   a - +2 halberd
rCold   . . .      Faith    .   (shield currently unavailable)
rNeg    . . .      Spirit   .   l - +3 ring mail {rF+}
rPois   .          Reflect  .   c - +0 helmet
rElec   .          Harm     .   (no cloak)
rCorr   .          Rampage  .   h - +1 pair of gloves
Will    .....                   (no boots)
Stlth   +++.......              (no amulet)
HPRegen 0.17/turn               m - +6 ring of intelligence
MPRegen 0.12/turn               (no ring)

@: heroic
A: fangs 1, strong nose, distributed training
a: Renounce Religion, Heroism


You were on level 5 of the Dungeon.
You worshipped Okawaru.
Okawaru was aware of your devotion.
You visited 1 branch of the dungeon, and saw 5 of its levels.

You collected 172 gold pieces.

Inventory:

Hand Weapons
 a - a +2 halberd (weapon)
 b - a +1 longbow
 v - a +2 spear
Missiles
 f - 44 stones
 o - 5 poisoned darts
Armour
 c - a +0 helmet (worn)
 h - a +1 pair of gloves (worn)
 l - a +3 ring mail of fire resistance (worn)
Jewellery
 g - a +4 ring of slaying
 m - a +6 ring of intelligence (left hand)
 q - a ring of see invisible
 s - a ring of positive energy
Wands
 p - a wand of flame (28)
Scrolls
 d - 3 scrolls of butterflies
 e - a scroll of poison {unknown}
 j - 2 scrolls of teleportation {unknown}
 r - 2 scrolls of fear
 u - a scroll of brand weapon {unknown}
 w - a scroll of immolation {unknown}
 y - a scroll of noise {unknown}
Potions
 i - a potion of magic
 n - 2 potions of degeneration
 t - a potion of berserk rage
 x - a potion of lignification
 z - a potion of flight


   Skills:
 + Level 3.7(8.7) Fighting
 + Level 2.6(7.6) Short Blades
 + Level 2.6(7.6) Long Blades
 + Level 2.6(7.6) Axes
 + Level 3.7(8.7) Maces & Flails
 + Level 9.0(14.0) Polearms
 + Level 2.6(7.6) Staves
 + Level 2.6(7.6) Ranged Weapons
 + Level 2.6(7.6) Throwing
 + Level 2.6(7.6) Armour
 + Level 5.3(10.3) Dodging
 + Level 3.6(8.6) Stealth
 + Level 2.6(7.6) Shields
 + Level 2.6(7.6) Unarmed Combat
 + Level 2.6 Spellcasting
 + Level 2.1 Conjurations
 + Level 2.1 Hexes
 + Level 2.1 Summonings
 + Level 2.1 Necromancy
 + Level 2.1 Translocations
 + Level 2.1 Transmutations
 + Level 2.1 Fire Magic
 + Level 2.1 Ice Magic
 + Level 2.1 Air Magic
 + Level 2.1 Earth Magic
 + Level 2.1 Poison Magic
 + Level 3.0 Invocations
 + Level 3.7 Evocations


You had 11 spell levels left.
You didn't know any spells.
Your spell library contained the following spells:

 Spells                   Type           Power      Damage    Failure   Level
 Sandblast                Erth           16%        2d6       19%         1
 Shock                    Conj/Air       32%        1d5       19%         1
 Passwall                 Tmut/Erth      6%         N/A       28%         2
 Stone Arrow              Conj/Erth      16%        3d8       50%         3
 Swiftness                Air            8%         N/A       50%         3
 Airstrike                Air            4%         2d(1-17)  88%         4


Dungeon Overview and Level Annotations

Branches:
Dungeon (5/15)             Temple (0/1) D:4

Altars:
Okawaru


Innate Abilities, Weirdness & Mutations

You have very sharp teeth.
Your uncanny sense of smell can sniff out nearby items.
Your experience applies equally to all skills.


Message History

You are too injured to fight recklessly!
You are too injured to fight recklessly!
You are too injured to fight recklessly!
You are too injured to fight recklessly!
You are too injured to fight recklessly!
You are too injured to fight recklessly!
You are too injured to fight recklessly!
You are too injured to fight recklessly!
You are too injured to fight recklessly!
You are too injured to fight recklessly!
You are too injured to fight recklessly!
You are too injured to fight recklessly!
You are too injured to fight recklessly!
You are too injured to fight recklessly!
You are too injured to fight recklessly!
You hit the yak.
The yak is severely wounded.
The yak gores you. The yak barely misses you. The yak gores you!
* * * LOW HITPOINT WARNING * * *
You barely miss the yak. You bite the yak, but do no damage.
The yak is severely wounded.
You slash the yak!
You kill the yak!
Okawaru is honoured by your kill.
You can now gain great but temporary skills.
The yak barely misses you.
Your base Polearms skill increases to level 9!
Your Invocations skill increases to level 3!
You slash the yak!
The yak is moderately wounded.
The yak gores you but does no damage. The yak barely misses you.
The yak gores you but does no damage.
You puncture the yak!
The yak is heavily wounded.
The yak barely misses you. The yak gores you but does no damage.
The yak completely misses you.
You puncture the yak! Your bite misses the yak.
The yak is almost dead.
The yak closely misses you. The yak gores you!
You die...

####### ...
.....#.....#
....#.....#
...+.....#
##Y##.....
#Y@Y....#
#.......#
#.......#
#.......#
###.......#
...........#
...........†#
............#
............#


You could see 3 yaks.

Vanquished Creatures
  A yak (D:5)
  A centaur (D:4)
  A scorpion (D:4)
  A jelly (D:4)
  5 iguanas
  An orc wizard (D:2)
  Robin (D:2)
  7 gnolls
  3 adders
  2 worms (D:2)
  3 dart slugs
  4 orcs
  6 ball pythons
  2 bats (D:3)
  2 endoplasms (D:2)
  2 giant cockroaches
  18 goblins
  4 hobgoblins
  4 jackals (D:1)
  5 kobolds
  2 quokkas
  3 frilled lizards
  6 rats
84 creatures vanquished.

Notes
Turn   | Place    | Note
-------+----------+-------------------------------------------
     0 | D:1      | jtron the Gnoll Wanderer began the quest for the Orb.
     0 | D:1      | jtron set off with the following items: a +2 spear, a +0
                  | mace, a +0 helmet, a scroll of butterflies, a +0 leather
                  | armour.
     0 | D:1      | Reached XP level 1. HP: 17/17 MP: 1/1
   172 | D:1      | Reached XP level 2. HP: 23/23 MP: 2/2
   398 | D:1      | Found a faded altar of an unknown god.
   646 | D:2      | Reached XP level 3. HP: 28/28 MP: 3/3
   678 | D:2      | You fall into a shaft and drop 2 floors!
   759 | D:4      | Reached skill level 1 in Invocations
   797 | D:3      | Reached skill level 1 in Short Blades
   797 | D:3      | Reached skill level 1 in Long Blades
   797 | D:3      | Reached skill level 1 in Axes
   797 | D:3      | Reached skill level 1 in Staves
   797 | D:3      | Reached skill level 1 in Ranged Weapons
   797 | D:3      | Reached skill level 1 in Throwing
   797 | D:3      | Reached skill level 1 in Armour
   797 | D:3      | Reached skill level 1 in Shields
   797 | D:3      | Reached skill level 1 in Unarmed Combat
   797 | D:3      | Reached skill level 1 in Spellcasting
   897 | D:3      | Reached XP level 4. HP: 25/34 MP: 5/5
  1133 | D:2      | Reached skill level 1 in Conjurations
  1133 | D:2      | Reached skill level 1 in Hexes
  1133 | D:2      | Reached skill level 1 in Summonings
  1133 | D:2      | Reached skill level 1 in Necromancy
  1133 | D:2      | Reached skill level 1 in Translocations
  1133 | D:2      | Reached skill level 1 in Transmutations
  1133 | D:2      | Reached skill level 1 in Fire Magic
  1133 | D:2      | Reached skill level 1 in Ice Magic
  1133 | D:2      | Reached skill level 1 in Air Magic
  1133 | D:2      | Reached skill level 1 in Earth Magic
  1133 | D:2      | Reached skill level 1 in Poison Magic
  1387 | D:2      | Noticed Robin
  1389 | D:2      | Killed Robin
  1390 | D:2      | Reached XP level 5. HP: 40/40 MP: 7/7
  1844 | D:2      | Found an iron altar of Okawaru.
  2053 | D:2      | Became a worshipper of Warmaster Okawaru
  2558 | D:4      | Identified the +7 war axe of Vatadail {freeze, rElec rF+}
  2624 | D:4      | Reached XP level 6. HP: 40/47 MP: 8/8
  2758 | D:4      | Reached skill level 5 in Dodging
  2780 | D:4      | Found a staircase to the Ecumenical Temple.
  2841 | D:4      | Reached * piety under Okawaru
  3353 | D:4      | Reached XP level 7. HP: 22/52 MP: 10/10
  3862 | D:5      | Entered Level 5 of the Dungeon
  3999 | D:5      | Noticed a yak
  3999 | D:5      | Noticed a yak
  3999 | D:5      | Noticed a yak
  3999 | D:5      | Noticed a yak
  4007 | D:5      | Killed a yak
  4008 | D:5      | Reached skill level 9 in Polearms
  4010 | D:5      | Slain by a yak

Illustrated notes

Levels and vault maps discovered:
D:1:      dpeg_arrival_houses_and_road, layout_basic,
          hellmonk_ecumenical_altar_lost_god
D:2:      layout_basic, serial_glass, glass_columns_a, glass_columns_b,
          glass_columns_b, glass_columns_a, item_on_display_a, basic_altar,
          uniq_robin
D:3:      layout_basic
D:4:      layout_cave_pods, lemuel_temple_firewalk_a, nicolae_ossuary_entry_plus
D:5:      layout_gridville, serial_shops, nicolae_shop_waterfront

Skill      XL: |  1  2  3  4  5  6  7 |
---------------+----------------------+-----
Invocations    | 1 2 3 |  3.0
Short Blades   | 1 2 |  2.6
Long Blades    | 1 2 |  2.6
Axes           | 1 2 |  2.6
Staves         | 1 2 |  2.6
Ranged Weapons | 1 2 |  2.6
Throwing       | 1 2 |  2.6
Armour         | 1 2 |  2.6
Shields        | 1 2 |  2.6
Unarmed Combat | 1 2 |  2.6
Spellcasting   | 1 2 |  2.6
Conjurations   | 1 2 |  2.1
Hexes          | 1 2 |  2.1
Summonings     | 1 2 |  2.1
Necromancy     | 1 2 |  2.1
Translocations | 1 2 |  2.1
Transmutations | 1 2 |  2.1
Fire Magic     | 1 2 |  2.1
Ice Magic      | 1 2 |  2.1
Air Magic      | 1 2 |  2.1
Earth Magic    | 1 2 |  2.1
Poison Magic   | 1 2 |  2.1
Fighting       | 3 |  3.7
Maces & Flails | 3 |  3.7
Evocations     | 3 |  3.7
Stealth        | 3 |  3.6
Dodging        | 5 |  5.3
Polearms       | 9 |  9.0

Action                   |  1- 3 |  4- 6 |  7- 9 || total
-------------------------+-------+-------+-------++-------
Melee: Spear             |    29 |    63 |       ||    92
       Bite              |     2 |    15 |     2 ||    19
       Longbow           |       |    11 |       ||    11
       Punch             |       |     1 |       ||     1
       Halberd           |       |    65 |    27 ||    92
 Fire: Longbow           |    35 |    67 |     1 ||   103
Invok: Heroism           |       |       |     1 ||     1
  Use: Potion            |       |     8 |       ||     8
       Scroll            |       |     5 |     5 ||    10
Armor: Leather armour    |     3 |       |       ||     3
       Ring mail         |    14 |    62 |     6 ||    82
Dodge: Dodged            |    26 |    73 |    15 ||   114
